 Seeded DCSS version 0.24-a0-420-g24607be (webtiles) character file.

Game seed: 7801287120898168404

79 Llamajah the Chiller (level 4, -9/36 HPs)
             Began as a Deep Dwarf Ice Elementalist on June 11, 2019.
             Mangled by a worm (10 damage)
             ... on level 2 of the Dungeon.
             The game lasted 00:14:10 (1996 turns).

Llamajah the Chiller (Deep Dwarf Ice Elementalist)  Turns: 1996, Time: 00:14:10

Health: -9/36      AC:  3    Str: 11    XL:     4   Next: 16%
Magic:  4/8        EV: 13    Int: 17    God:
Gold:   105        SH:  0    Dex: 13    Spells: 7/8 levels left

rFire    . . .     SeeInvis .   (no weapon)
rCold    . . .     Gourm    .   (no shield)
rNeg     . . .     Faith    .   a - +0 robe
rPois    .         Spirit   .   (no helmet)
rElec    .         Reflect  .   (no cloak)
rCorr    .         Harm     .   g - +0 pair of gloves
MR       .....                  (no boots)
Stlth    ++........             (no amulet)
HPRegen  0.00/turn              (no ring)
MPRegen  0.11/turn              (no ring)

@: very slightly contaminated, non-regenerating
A: damage resistance, heal wounds, sense surroundings 1, no regeneration
a: Heal Wounds


You were on level 2 of the Dungeon.
You were not hungry.

You visited 1 branch of the dungeon, and saw 2 of its levels.

You collected 105 gold pieces.

Inventory:

Armour
 a - a +0 robe (worn)
 g - a +0 pair of gloves (worn)
Wands
 f - a wand of polymorph (10)
Scrolls
 e - 3 scrolls of identify {unknown}
 h - a scroll of magic mapping {unknown}
 j - a scroll of teleportation {unknown}
Comestibles
 b - 11 chunks of flesh
 c - a ration


   Skills:
 + Level 2.5 Dodging
 + Level 2.5 Stealth
 + Level 0.5 Unarmed Combat
 + Level 2.8 Spellcasting
   Level 0.8 Conjurations
 + Level 3.5 Ice Magic


You had 7 spell levels left.
You knew the following spells:

 Your Spells              Type           Power        Failure   Level  Hunger
a - Freeze                Ice            ##..         4%          1    #......

Your spell library contained the following spells:

 Spells                   Type           Power        Failure   Level  Hunger
 Throw Frost              Conj/Ice       #.....       11%         2    ##.....
 Ozocubu's Armour         Chrm/Ice       #.......     26%         3    ###....
 Throw Icicle             Conj/Ice       #.......     58%         4    #####..
 Summon Ice Beast         Ice/Summ       #.......     65%         4    #####..


Dungeon Overview and Level Annotations

Branches:
Dungeon (2/15)

Altars:

Annotations:
D:2 Jessica


Innate Abilities, Weirdness & Mutations

You are resistant to damage.
You can heal yourself by infusing magical energy.
You passively map a small area around you.
You do not regenerate.


Message History

Aim: a worm You miscast Freeze.
You are very lightly contaminated with residual magic.
You shiver with cold.
The worm barely misses you.
Casting: Freeze (safe; 4% risk of failure)
Confirm with . or Enter, or press ? or * to list all spells.
Aiming: Freeze (safe; 4% risk of failure)
Press: ? - help, Shift-Dir - straight line, f/p - worm
Aim: a worm You freeze the worm.
The worm is lightly wounded.
Casting: Freeze (safe; 4% risk of failure)
Confirm with . or Enter, or press ? or * to list all spells.
Aiming: Freeze (safe; 4% risk of failure)
Press: ? - help, Shift-Dir - straight line, f/p - worm
Aim: a worm (lightly wounded)
You freeze the worm.
The worm is moderately wounded.
The worm bites you!
You die...

#.## *
#.#####
#..#
...*
##.# *
#.##
#.# *
...
#.##* *
###
#..#* *
##.## *
* #..#,
* ##@#,
* #w#,
#.. ,
##..* *
..# ..#
*#.# ,
*.# ,


You could see a worm.

Vanquished Creatures
  2 adders (D:2)
  An ooze (D:2)
  2 worms (D:2)
  2 leopard geckos
  2 ball pythons
  6 bats
  3 goblins (D:2)
  6 hobgoblins (D:1)
  4 jackals (D:2)
  6 frilled lizards
  6 kobolds
  9 rats
49 creatures vanquished.

Notes
Turn   | Place    | Note
-------+----------+-------------------------------------------
     0 | D:1      | Llamajah the Deep Dwarf Ice Elementalist began the quest
                  | for the Orb.
     0 | D:1      | Reached XP level 1. HP: 15/15 MP: 3/3
   210 | D:1      | Reached skill level 3 in Ice Magic
   210 | D:1      | Reached XP level 2. HP: 17/22 MP: 0/5
   927 | D:2      | Reached XP level 3. HP: 19/28 MP: 1/6
  1596 | D:2      | Reached XP level 4. HP: 13/36 MP: 5/8
  1812 | D:2      | Noticed Jessica
  1919 | D:2      | HP: 1/36 [worm (7)]
  1996 | D:2      | Mangled by a worm

Levels and vault maps discovered:
D:1:      minmay_arrival_shattered_statue, layout_basic, roderic_roman_lattice
D:2:      layout_basic, uniq_jessica

Skill      XL: |  1 |
---------------+----+-----
Spellcasting   | 2 |  2.8
Ice Magic      | 3 |  3.5
Dodging        | |  2.5
Stealth        | |  2.5
Unarmed Combat | |  0.5
Conjurations   | |  0.8

Action                   |  1- 3 |  4- 6 || total
-------------------------+-------+-------++-------
Melee: Unarmed           |    20 |     1 ||    21
 Cast: Freeze            |    67 |    18 ||    85
  Use: Potion            |     3 |       ||     3
  Eat: Chunk             |     3 |     1 ||     4
Armor: Robe              |    10 |     4 ||    14
Dodge: Dodged            |    55 |     6 ||    61

Table legend:
 A = Non-vault XP
 B = Vault XP
 C = Vault XP percentage of total XP
 D = Non-vault monster count
 E = Vault monster count
 F = Vault count percentage of total count
                 A         B        C        D         E       F
            +---------+---------+-------+---------+---------+-------
      Total |     113 |       0 |   0.0 |      49 |       0 |   0.0
            +---------+---------+-------+---------+---------+-------
        D:1 |      34 |       0 |   0.0 |      21 |       0 |   0.0
        D:2 |      79 |       0 |   0.0 |      28 |       0 |   0.0
            +---------+---------+-------+---------+---------+-------
